Cogmind - Beta 11.2 @@@ ROGUE MODE // 2023.01.01 @ 14:32:35 Player: Happytimes Result: Self-destructed Performance ------------- Evolutions (1) 500 Regions Visited (3) 600 Robots Destroyed (13) 65 Value Destroyed (333) 333 Prototype IDs (1) 20 Alien Tech Used (0) 0 Bonus (0) 0 TOTAL SCORE: 1518 Bonus ------- None Cogmind --------- Core Integrity 323/400 Matter 223/300 Energy 265/265 System Corruption 0% Temperature Cool (14) Movement Flying (112) Ox1 Location -9/Mines Parts ------- > --- POWER (1) -------- Improved Ion Engine > --- PROPULSION (3) --- Cesium-ion Thruster Cesium-ion Thruster > --- UTILITY (3) ------ Small Storage Unit > --- WEAPON (2) ------- Improved Grenade Launcher > --- INVENTORY (8) ---- Ion Engine Light Ion Engine Cesium-ion Thruster EM Pulse Gun Light EM Pulse Cannon Peak State ------------ > --- POWER ------------ Improved Ion Engine > --- PROPULSION ------- Cesium-ion Thruster Cesium-ion Thruster Cesium-ion Thruster > --- UTILITY ---------- Small Storage Unit > --- WEAPON ----------- Improved Grenade Launcher > --- INVENTORY -------- Ion Engine Light Ion Engine Cesium-ion Thruster EM Pulse Gun Light EM Pulse Cannon [Rating: 15] Favorites ----------- Power Ion Engine Engine Ion Engine Propulsion Aluminum Leg Leg Aluminum Leg Flight Unit Cesium-ion Thruster Utility Small Storage Unit Storage Small Storage Unit Weapon EM Pulse Gun Energy Gun EM Pulse Gun Energy Cannon Advanced Beam Cannon Launcher Improved Grenade Launcher Build | -11 -10 -9 -9 ------- Run | Scr Mat Mat Min Slots Evolved 2 | . . 2 . Power . | . . . . Propulsion 1 | . . 1 . Utility 1 | . . 1 . Weapon . | . . . . Parts Attached 18 | 5 2 8 3 Power 3 | 1 . 2 . Engine 3 | 1 . 2 . Core . | . . . . Reactor . | . . . . Propulsion 6 | 1 2 3 . Treads . | . . . . Leg 3 | 1 2 . . Wheel . | . . . . Hover . | . . . . Flight 3 | . . 3 . Utility 1 | 1 . . . Device . | . . . . Storage 1 | 1 . . . Processor . | . . . . Hackware . | . . . . Protection . | . . . . Artifact . | . . . . Weapon 8 | 2 . 3 3 Energy Gun 4 | 2 . 1 1 Energy Cannon 2 | . . 2 . Ballistic Gun . | . . . . Ballistic Cannon . | . . . . Launcher 2 | . . . 2 Special Weapon . | . . . . Impact Weapon . | . . . . Slashing Weapon . | . . . . Piercing Weapon . | . . . . Special Melee Weapon . | . . . . Unidentified Prototypes 1 | . . 1 . Parts Lost 1 | . . . 1 Power . | . . . . Propulsion 1 | . . . 1 Utility . | . . . . Weapon . | . . . . Highest Loss Streak 1 | . . . 1 To Critical Strikes . | . . . . Average Slot Usage (%) 70 | . 75 65 66 Engine 12 | . 14 11 11 Leg 17 | . 18 16 . Flight 4 | . . 8 33 Storage 12 | . 14 11 11 Energy Gun 17 | . 28 5 . Energy Cannon 5 | . . 12 . Naked Turns . | . . . . Heaviest Build 20 | 13 13 20 14 Greatest Support 20 | 10 20 20 15 Greatest Overweight (x) 1 | 1 1 1 . Average Overweight (x) . | . . . . Largest Inventory Capacity 8 | 8 8 8 8 Average Capacity 7 | 7 8 8 8 Most Carried 5 | 5 4 5 5 Average Carried 2 | 1 2 3 5 Final Capacity 8 | 8 8 8 8 Final Carried 5 | 1 2 5 5 Class Distribution -------------------- 89% | Mutant 10% | Sprinter Dominant Class ---------------- Mutant | -10/Materials Mutant | -9/Materials Mutant | -9/Mines Resources | -11 -10 -9 -9 ----------- Run | Scr Mat Mat Min Matter Collected 350 | 250 20 80 . Remotely . | . . . . Salvage Created 457 | . 271 179 7 Parts 29 | . 14 12 3 Haulers Intercepted 2 | . 1 1 . Recyclers Shooed . | . . . . Parts Field Recycled . | . . . . Retrieved Matter . | . . . . Parts Self-Destructed . | . . . . Prevented . | . . . . Kills | -11 -10 -9 -9 ------- Run | Scr Mat Mat Min Combat Hostiles Destroyed 10 | . 5 2 3 Guns 4 | . 4 . . Cannons 2 | . . 2 . AOE 4 | . 1 . 3 Classes Destroyed 5 | . 2 2 1 Hauler 2 | . 1 1 . Watcher 1 | . . 1 . Swarmer 3 | . . . 3 Grunt 5 | . 5 . . Sentry 2 | . . 2 . Best Kill Streak 4 | . 3 1 4 Combat Bots Only 3 | . 2 1 3 Max Kills in Single Turn 2 | . 1 1 2 Gunslinging . | . . . . Exploded 2 | . 1 . 2 Melee . | . . . . Uniques/NPCs Destroyed . | . . . . Combat | -11 -10 -9 -9 -------- Run | Scr Mat Mat Min Damage Taken 525 | . 271 58 196 Core 145 | . 68 . 77 Absorbed by Shields . | . . . . Core Remaining (%) 86 | 100 72 . . Volleys Fired 36 | . 20 12 4 Largest 2 | . 2 2 1 Hottest 124 | . 80 124 36 Shots Fired 63 | . 40 19 4 Gun 45 | . 40 5 . Cannon 14 | . . 14 . Launcher 4 | . . . 4 Special . | . . . . Kinetic . | . . . . Thermal 27 | . 20 7 . Explosive 4 | . . . 4 Electromagnetic 32 | . 20 12 . Robot Hit Streak 13 | . 9 13 1 Robot Miss Streak 4 | . 4 2 2 Penetration Max . | . . . . Secondary Targets 1 | . 1 . . Max Gunslinging Chain 1 | . 1 . . Shots Hit Robots 42 | . 26 15 1 Core Hits 21 | . 13 5 3 Critical Kills . | . . . . Critical Parts Destroyed . | . . . . Critical Strikes 1 | . 1 . . Corrupt 1 | . 1 . . Melee Attacks . | . . . . Impact . | . . . . Slashing . | . . . . Piercing . | . . . . Sneak Attacks . | . . . . Combat Hostiles . | . . . . Follow-up Attacks . | . . . . Damage Inflicted 883 | . 380 307 196 Guns 374 | . 347 27 . Cannons 280 | . . 280 . Explosions 229 | . 33 . 196 Melee . | . . . . Ramming . | . . . . Kinetic . | . . . . Thermal 345 | . 200 145 . Explosive 196 | . . . 196 Electromagnetic 342 | . 180 162 . Impact . | . . . . Slashing . | . . . . Piercing . | . . . . Highest Corruption . | . . . . Average Corruption . | . . . . Corruption Purged . | . . . . Corruption Blocked . | . . . . Overload Shots . | . . . . Overflow Damage 21 | . . 21 . Projectiles 21 | . . 21 . Explosions . | . . . . Melee . | . . . . Knockbacks . | . . . . Impact . | . . . . Kinetic . | . . . . Secondary . | . . . . Self-Inflicted Damage 139 | . . . 139 Shots 3 | . . . 3 Rammed . | . . . . Targets Rammed . | . . . . Kicked . | . . . . Crushed . | . . . . Highest Temperature 188 | . 188 171 14 Average Temperature 61 | . 66 56 9 Received Heat Transfer 210 | . 150 36 24 Siege Activations . | . . . . Robots Corrupted . | . . . . Combat Hostiles . | . . . . Parts Fried 2 | . 1 1 . Impact Corruptions . | . . . . Robots Melted . | . . . . Combat Hostiles . | . . . . Parts Melted 1 | . 1 . . Heat Transferred 684 | . 425 259 . Parts Sabotaged . | . . . . Parts Stolen . | . . . . Parts Stripped . | . . . . Power Chain Reactions 1 | . 1 . . Missiles Intercepted . | . . . . Alert | -11 -10 -9 -9 ------- Run | Scr Mat Mat Min Peak Influence 240 | . 192 184 240 Initial 80 | . . 80 71 Average 104 | . 111 127 180 Maximum Alert Level 1 | . . . 1 Low Security (%) 97 | 100 100 100 31 Level 1 2 | . . . 68 Level 2 . | . . . . Level 3 . | . . . . Level 4 . | . . . . Level 5 . | . . . . High Security . | . . . . Max Security . | . . . . Squads Dispatched 1 | . 1 . . Investigation . | . . . . Extermination . | . . . . Reinforcement 1 | . 1 . . Assault . | . . . . Garrison . | . . . . Intercept . | . . . . Searches Triggered . | . . . . Construction Impeded . | . . . . Haulers Reinforced . | . . . . Active Scanning Responses . | . . . . Cargo Convoy Interrupts . | . . . . Stealth | -11 -10 -9 -9 --------- Run | Scr Mat Mat Min Distress Signals 1 | . 1 . . Communications Jammed . | . . . . Distress Signals . | . . . . Times Spotted 21 | . 11 4 6 Peak Tracking Total 5 | . 5 2 3 Tactical Retreats . | . . . . Traps | -11 -10 -9 -9 ------- Run | Scr Mat Mat Min Traps Triggered . | . . . . Indirectly . | . . . . Trap Hack Attempts . | . . . . Triggered . | . . . . Disarmed . | . . . . Reprogrammed . | . . . . Reused . | . . . . Traps Extracted . | . . . . Installed . | . . . . Triggered . | . . . . Machines | -11 -10 -9 -9 ---------- Run | Scr Mat Mat Min Machines Disabled 1 | . . . 1 Max in Single Turn 1 | . . . 1 Machines Sabotaged . | . . . . Garrisons Compromised . | . . . . Overloaded Fab Kills . | . . . . Hacking | -11 -10 -9 -9 --------- Run | Scr Mat Mat Min Machines Accessed 1 | . 1 . . Terminals 1 | . 1 . . Fabricators . | . . . . Repair Stations . | . . . . Recycling Units . | . . . . Scanalyzers . | . . . . Garrison Access . | . . . . Total Hacks 2 | . 2 . . Successful 1 | . 1 . . Failed 1 | . 1 . . Catastrophic . | . . . . Database Lockouts . | . . . . Manual . | . . . . Terminals 2 | . 2 . . Fabricators . | . . . . Repair Stations . | . . . . Recycling Units . | . . . . Scanalyzers . | . . . . Garrison Access . | . . . . Terminal Hacks 1 | . 1 . . Zone Layout 1 | . 1 . . Fabricator Hacks . | . . . . Repair Station Hacks . | . . . . Recycling Unit Hacks . | . . . . Scanalyzer . | . . . . Garrison Access Hacks . | . . . . Unauthorized Hacks . | . . . . Terminals . | . . . . Fabricators . | . . . . Repair Stations . | . . . . Recycling Units . | . . . . Scanalyzers . | . . . . Garrison Access . | . . . . Data Cores Recovered . | . . . . Used . | . . . . Hacking Detections . | . . . . Full Trace Events . | . . . . Feedback Events . | . . . . Feedback Blocked . | . . . . Robot Schematics Acquired . | . . . . Robots Built . | . . . . Authchips . | . . . . Time . | . . . . Total Robot Build Rating . | . . . . Part Schematics Acquired . | . . . . Parts Built . | . . . . Authchips . | . . . . Time . | . . . . Total Part Build Rating . | . . . . Parts Repaired . | . . . . Time . | . . . . Parts Recycled . | . . . . Recycled Matter . | . . . . Retrieved Matter . | . . . . Retrieved Components . | . . . . Parts Scanalyzed . | . . . . Part Schematics Acquired . | . . . . Parts Damaged . | . . . . Bothacking | -11 -10 -9 -9 ------------ Run | Scr Mat Mat Min Used RIF Installer . | . . . . Robots Hacked . | . . . . Non-combat . | . . . . Combat . | . . . . Robot Hacks Applied . | . . . . Relay Couplers Released . | . . . . Fabnet Peak Effective % . | . . . . Robots Rewired . | . . . . Allies Hacked . | . . . . Hacks Repelled . | . . . . Allies | -11 -10 -9 -9 -------- Run | Scr Mat Mat Min Total Allies . | . . . . Largest Group . | . . . . Highest-Rated Group . | . . . . Highest-Rated Ally . | . . . . Total Orders . | . . . . Ally Attacks . | . . . . Total Damage . | . . . . Kills . | . . . . Allies Corrupted . | . . . . Allies Melted . | . . . . Intel | -11 -10 -9 -9 ------- Run | Scr Mat Mat Min Robot Analysis Total . | . . . . Derelict Logs Recovered . | . . . . Drone Launches . | . . . . Drone Recoveries . | . . . . Exploration | -11 -10 -9 -9 ------------- Run | Scr Mat Mat Min Turns Passed 600 | 82 267 232 19 Spaces Moved 409 | 47 119 221 22 Core 12 | 12 . . . Treads . | . . . . Legs 258 | 35 119 104 . Wheels . | . . . . Hover . | . . . . Flight 139 | . . 117 22 Fastest Speed 29 | 50 120 29 29 Average Speed 103 | 154 155 72 29 Slowest Speed 190 | 190 190 120 29 Overloaded Moves . | . . . . Propulsion Burnouts . | . . . . Robots Hopped 3 | . . 3 . Cave-ins Triggered . | . . . . Exploration Rate (%) 15 | 3 22 23 12 Regions Visited 3 Branch Regions 1 Pre-discovered Areas . | . . . . Known Exits Taken . | . . . . Unknown Exits Taken 3 | 1 1 1 . Scrap Searched . | . . . . Spaces Dug . | . . . . Terrain Destroyed 35 | . 5 . 30 Melee . | . . . . Projectile . | . . . . AOE 35 | . 5 . 30 Terrain Rammed . | . . . . Walls Destroyed . | . . . . Machines Disabled . | . . . . Actions | -11 -10 -9 -9 --------- Run | Scr Mat Mat Min Total 516 | 56 160 271 29 Wait 34 | . 16 18 . Move 400 | 46 118 214 22 Hop 3 | . . 3 . Pick Up 17 | 5 3 9 . Fast Attach 1 | 1 . . . Attach 10 | 4 1 5 . Detach 1 | . . 1 . Swap 7 | . 1 3 3 Drop 7 | . 1 6 . Fire 36 | . 20 12 4 Melee . | . . . . Ram . | . . . . Kick . | . . . . Crush . | . . . . Escape Stasis . | . . . . Rewire . | . . . . Trap . | . . . . Miscellaneous . | . . . . Route ------- -11/Scrapyard -10/Materials -9/Materials -9/Mines History --------- Turn | Location | Event 31 | -11/Scrapyard | Discovered new exit (range 15) 83 | -11/Scrapyard | Entered Materials 256 | -10/Materials | Discovered new exit (range 16) 303 | -10/Materials | Build established: Mutant 350 | -10/Materials | Entered another Materials area 350 | -9/Materials | Evolved 2 slots: Propulsion x1, Utility x1 564 | -9/Materials | Discovered new exit (range 8) 582 | -9/Materials | Entered Mines 601 | -9/Mines | Self-destructed Last Messages --------------- 00532_ Acquired Cesium-ion Thruster. 00542_ Acquired Imp. Grenade Launcher. 00552_ T-07 Excavator is excavating. 00557_ Door malfunctions. 00564_ EXIT=FOUND 00565_ T-07 Excavator is excavating. 00565_ U-05 Engineer lays Concrete. 00574_ Door malfunctions. 00575_ K-01 Serf collects debris. 00577_ U-05 Engineer repairs door. 00578_ K-01 Serf collects debris. 00578_ A-02 Transporter destroyed. 00580_ Acquired 40 matter. LOCATION=UNKNOWN GOAL=ESCAPE 00586_ S-10 Pest destroyed. 00587_ The unstable cave ceiling collapses. 00588_ S-10 Pest destroyed. 00588_ Pulverizer disabled. 00600_ Cesium-ion Thruster destroyed. Map ----- +----------------------------------------------------+ | | | | | | | | | | | | | | | | | | | ?????????????####??????????????????????????? | | ????????????## #######??????????????????? | | ????????????# # ##?????????????????? | | ????????????#" ##????????????????? | | ????????????# % ##???????????????? | | ????????????#"" [ #???????????????? | | ????????????# [[ #???????????????? | | ????????????# # ##???????????????? | | ????????????#### ### #????????????????? | | ???????????????#####??## #????????????????? | | ???????????????????????# #????????????????? | | ???????????????????????# #####????????????? | | ?????????????????????### #????????????? | | ?????????????????????# ### #????????????? | | ????????????????????## ##??????????????? | | ????????????????????# #??????????????? | | ????????????????????# @ #??????????????? | | ????????????????????## #??????????????? | | ?????????????????????# b ?????????????? | | ?????????????????????# ???????????? | | ?????????????????????## gg ?????????? | | ??????????????????????# ???????? | | ??????????????????????# #?????? | | ??????????????????????# #?????? | | ?????????????????????? ##?????? | | ?????????????????????? ###??????? | | ??????????????????????## ##????????? | | ???????????????????????## #?????????? | | ????????????????????????? #?????????? | | ????????????????????????? #??????????? | | ????????????????????????? ?????????????? | | ????????????????????????? ???????????????? | | ???????????????????????????????????????????? | | ???????????????????????????????????????????? | | ???????????????????????????????????????????? | | ???????????????????????????????????????????? | | ???????????????????????????????????????????? | | ???????????????????????????????????????????? | | ???????????????????????????????????????????? | | ???????????????????????????????????????????? | | ???????????????????????????????????????????? | +----------------------------------------------------+ Best States ------------- Heat Dissipation 28 Energy Generation 12 Energy Capacity 265 Matter Stores 300 Matter Capacity 300 Sight Range 16 Terrain Scan Density 10 Evasion (%) 64 Item Schematics ----------------- None Robot Schematics ------------------ None Fabricated ------------ Nothing Alien Tech Used ----------------- None Achievements -------------- None Challenges ------------ None Game ------ Seed LegMasterTerminator Manual? 0 Play Time 00:06:01 Cumulative 50.2 hours Start 2023.01.01 @ 14:26:59 End 2023.01.01 @ 14:32:35 Sessions 1 Manual Loads 0 Difficulty Rogue Special Mode None Game No. 164 Rogue 164 Adventurer 0 Explorer 0 Win Type - Total 0 Types 0/0/0/0/0/0/0/0/0 Lore% 33 Gallery% 47 Achievement% 37 Wizard Run 0 Options --------- ASCII 0 Keyboard 0 Movement Arrows Keybinds 0 Fullscreen 1 Font 18/SmallcapsGlow Map View 76x50 Tactical HUD 1 Map Filters NONE Filters NONE Steam 1 RUN: e833d528-3745-489b-9233-3a3c5bcdb503